 Dungeon Crawl Stone Soup version 0.31.0-1-g2c135a008e (webtiles) character file.

Game seed: 9427923830749098897

822 Azuvok the Chopper (level 7, -4/63 HPs)
             Began as a Minotaur Fighter on Jan 20, 2024.
             Slain by a sleepcap (5 damage)
             ... on level 6 of the Dungeon.
             The game lasted 00:07:26 (3924 turns).

Azuvok the Chopper (Minotaur Fighter)               Turns: 3924, Time: 00:07:26

Health: -4/63      AC: 10    Str: 22    XL:     7   Next: 63%
Magic:  6/6        EV:  8    Int:  5    God:
Gold:   305        SH:  4    Dex: 10    Spells: 6/6 levels left

rFire   . . .        q - +0 broad axe
rCold   . . .        c - +0 buckler
rNeg    + . .        f - +0 chain mail
rPois   .            (helmet restricted)
rElec   .            (no cloak)
rCorr   .            (no gloves)
SInv    +            (no boots)
Will    .....        (no amulet) Stlth
                     g - ring of see invisible
HPRegen 0.30/turn    o - ring of positive energy
MPRegen 0.10/turn

%: no passive effects
@: no status effects
A: horns 2, retaliatory headbutt
a: no special abilities


You were on level 6 of the Dungeon.
You visited 1 branch of the dungeon, and saw 6 of its levels.

You collected 305 gold pieces.

Inventory:

Hand Weapons
 a - a +0 war axe
 q - a +0 broad axe (weapon)
Missiles
 h - 16 poisoned darts (quivered)
 v - 4 javelins
Armour
 c - a +0 buckler (worn)
 f - a +0 chain mail (worn)
Jewellery
 b - a +6 ring of dexterity
 g - a ring of see invisible (left hand)
 o - a ring of positive energy (right hand)
Scrolls
 e - 2 scrolls of enchant weapon
 i - 4 scrolls of blinking {unknown}
 j - a scroll of silence {unknown}
 k - 3 scrolls of vulnerability {unknown}
 l - 2 scrolls of revelation {unknown}
 m - 3 scrolls of amnesia
 n - a scroll of teleportation {unknown}
 r - a scroll of torment {unknown}
 s - 2 scrolls of poison {unknown}
 t - a scroll of butterflies {unknown}
Potions
 d - 2 potions of might
 p - a potion of brilliance
 u - 2 potions of curing


   Skills:
 + Level 6.2 Fighting
 * Level 7.7 Axes
 + Level 6.3 Armour
 - Level 3.6 Shields


You had 6 spell levels left.
You didn't know any spells.
Your spell library contained the following spells:

 Spells                   Type           Power      Damage    Failure   Level
 Kiss of Death            Conj/Necr      0%         2d5       98%         1
 Magic Dart               Conj           0%         1d3       98%         1
 Blink                    Tloc           0%         N/A       99%         2
 Call Imp                 Summ           0%         N/A       99%         2
 Ensorcelled Hibernation  Hex/Ice        0%         N/A       99%         2
 Lesser Beckoning         Tloc           0%         N/A       99%         2
 Confusing Touch          Hex            0%         N/A       100%        3
 Fugue of the Fallen      Necr           0%         N/A       100%        3
 Gell's Gravitas          Tloc           0%         N/A       100%        3
 Teleport Other           Tloc           0%         N/A       100%        3
 Anguish                  Hex/Necr       0%         N/A       100%        4
 Dispel Undead            Necr           0%         3d6       100%        4


Dungeon Overview and Level Annotations

Branches:
Dungeon (6/15)
 Temple: D:4-7

Altars:

Shops:
D:5 =(


Innate Abilities, Weirdness & Mutations

You have a pair of horns on your head.
You reflexively headbutt those who attack you in melee.


Message History

No target in view!
Done exploring.
No target in view!
There is a stone staircase leading down here.
You climb downwards.
The steam dragon hisses angrily.
Found 13 gold pieces and a scroll labelled ZIROWK ASUFO.
Found a stone staircase leading down.
There is a stone staircase leading up here.
The steam dragon breathes steam at you. The ball of steam hits you!
You are engulfed in a cloud of scalding steam.
A sleepcap comes into view.
The steam dragon bites you.
The steam dragon claws you but does no damage.
The steam dragon bites you but does no damage.
The steam dragon claws you.
You closely miss the steam dragon. The steam dragon breathes steam at you.
The ball of steam hits you!
You closely miss the steam dragon.
You are engulfed in a cloud of scalding steam.
* * * LOW HITPOINT WARNING * * *
You block the steam dragon's attack. The steam dragon completely misses you.
The sleepcap completely misses you. The steam dragon barely misses you.
The steam dragon claws you but does no damage.
There is a stone staircase leading up here.
The sleepcap releases spores at you.
* * * LOW HITPOINT WARNING * * *
You are engulfed in a cloud of soporific spores!
You fall asleep.
You stop ascending the stairs.
The steam dragon bites you!!
You wake up.
* * * LOW HITPOINT WARNING * * *
The steam dragon claws you.
* * * LOW HITPOINT WARNING * * *
You hit the steam dragon but do no damage.
You headbutt the steam dragon.
The steam dragon is lightly wounded.
You hit the sleepcap. The sleepcap releases spores at you.
You die...

#.......
#......
##......
#......#
#......#
#......+
#....f.#
#....@.#######
#.....D.......
#....ยง........
#..>..........
#.$........?..
#.............
#.............
#########+####


You could see a steam dragon and a sleepcap.

Vanquished Creatures
  A black bear (D:4)
  3 ogres (D:5)
  A howler monkey (D:5)
  A hound (D:4)
  A bombardier beetle (D:5)
  3 iguanas (D:5)
  A sleepcap (D:5)
  Natasha (thrice) (D:2)
  Robin (D:2)
  3 gnolls (D:4)
  4 adders
  A white imp (D:4)
  12 dart slugs
  5 orcs
  9 bats
  4 endoplasms
  9 giant cockroaches
  8 hobgoblins
  3 jackals (D:3)
  2 kobolds
  5 quokkas
  3 ball pythons
  4 frilled lizards
  14 goblins
  3 rats
104 creatures vanquished.

Notes
Turn   | Place    | Note
-------+----------+-------------------------------------------
     0 | D:1      | Azuvok the Minotaur Fighter began the quest for the Orb.
     0 | D:1      | Reached XP level 1. HP: 19/19 MP: 0/0
    16 | D:1      | You fall into a shaft and drop 1 floor!
    91 | D:1      | Reached skill level 3 in Axes
    91 | D:1      | Reached XP level 2. HP: 18/27 MP: 1/1
   363 | D:1      | Found a faded altar of an unknown god.
   372 | D:1      | Got Plato's Guide on Necromancy
   378 | D:1      | Reached XP level 3. HP: 33/33 MP: 2/2
   681 | D:2      | Noticed Natasha
   687 | D:2      | Killed Natasha
   688 | D:2      | Reached skill level 4 in Axes
   816 | D:2      | Reached XP level 4. HP: 40/40 MP: 3/3
   869 | D:2      | Noticed Robin
   885 | D:2      | Killed Robin
  1055 | D:2      | Noticed Natasha
  1061 | D:2      | Killed Natasha
  1088 | D:2      | Noticed Natasha
  1093 | D:2      | Killed Natasha
  1094 | D:2      | Reached XP level 5. HP: 47/47 MP: 4/4
  1492 | D:3      | Reached skill level 5 in Axes
  2202 | D:4      | Reached skill level 5 in Armour
  2307 | D:4      | Reached skill level 5 in Fighting
  2433 | D:4      | Reached XP level 6. HP: 55/56 MP: 5/5
  2594 | D:4      | Reached skill level 6 in Axes
  2948 | D:5      | Entered Level 5 of the Dungeon
  3088 | D:5      | Found Pupn's Antique Weapon Shoppe.
  3213 | D:5      | Reached XP level 7. HP: 61/62 MP: 6/6
  3317 | D:5      | Reached skill level 7 in Axes
  3675 | D:5      | Found Zuuc's Jewellery Shoppe.
  3911 | D:6      | Noticed a steam dragon
  3923 | D:6      | HP: 2/63 [steam dragon (22)]
  3924 | D:6      | Slain by a sleepcap

Illustrated notes

Levels and vault maps discovered:
D:1:      wander_arrival_estate, layout_rooms,
          shapermc_ecumenical_altar_rom_forum
D:2:      wander_river, layout_basic, grunt_decor_arrowhead, uniq_robin,
          uniq_natasha
D:3:      kennysheep_slugbush, layout_loops_ring, grunt_decor_junction
D:4:      layout_basic
D:5:      layout_basic, serial_shops, nicolae_shop_stone, shop,
          roderic_serpentine_path, chequers_serial_rivers_small_b
D:6:      layout_gridville

Skill      XL: |  1  2  3  4  5  6  7 |
---------------+----------------------+-----
Axes           | 3 4 5 6 7 |  7.7
Armour         | 4 5 6 |  6.3
Fighting       | 4 5 6 |  6.2
Shields        | |  3.6

Action                     |  1- 3 |  4- 6 |  7- 9 || total
---------------------------+-------+-------+-------++-------
  Melee: War axe           |    69 |    86 |       ||   155
         Headbutt          |    11 |     9 |     6 ||    26
         Broad axe         |       |    56 |    29 ||    85
    Use: Scroll            |       |     4 |       ||     4
 Armour: Scale mail        |    56 |   132 |       ||   188
         Chain mail        |       |       |    31 ||    31
  Dodge: Dodged            |    36 |    95 |    12 ||   143
  Block: Buckler           |    17 |    29 |     8 ||    54
